Map: Lightshade LE

Players

Asuna

  • Race: Protoss Protoss
  • League: Master
  • Spawn Location: 11:00

TLO - Winner!

  • Race: Zerg Zerg
  • League: Master
  • Spawn Location: 5:00

Event: DreamHack SC2 Masters 2020 Winter

VOD

Have the link to the VOD?

Description

Time

  • Played on: Oct. 29, 2020, 7:16 p.m.
  • Length: 11:17

All games in this series

Show
View Real Time Build Order
Export as new Build Order

Asuna Protoss 

Build Orders: 1 Gate Expand 

Get SALT Encoding   

  12  0:00  Probe  
  13  0:16  Pylon  
  13  0:19  Probe  
  14  0:31  Probe (Chrono Boost)  
  15  0:39  Gateway  
  16  0:43  Probe (Chrono Boost)  
  16  0:49  Probe (Chrono Boost)  
  17  0:51  Assimilator  
  17  0:58  Probe  
  18  1:10  Probe  
  19  1:22  Probe  
  20  1:29  Nexus  
  20  1:39  Cybernetics Core  
  20  1:41  Probe  
  21  1:47  Assimilator  
  21  1:54  Probe  
  22  1:57  Pylon  
  22  2:06  Probe  
  23  2:13  Adept (Chrono Boost)  
  23  2:18  Probe  
  26  2:23  Stargate  
  26  2:32  Warp Gate  
  26  2:33  Probe  
  26  2:35  Adept (Chrono Boost)  
  29  2:48  Probe (Chrono Boost)  
  29  2:49  Probe (Chrono Boost)  
  30  2:54  Gateway  
  30  2:59  Probe (Chrono Boost)  
  30  3:05  Adept, Probe  
  34  3:06  Void Ray (Chrono Boost)  
  34  3:09  Probe  
  40  3:20  Probe  
  40  3:21  Probe  
  40  3:25  Pylon  
  41  3:32  Probe  
  41  3:34  Probe  
  43  3:35  Adept  
  43  3:39  Void Ray (Chrono Boost)  
  45  3:44  Probe  
  45  3:46  Probe  
  51  3:56  Probe  
  52  4:03  Pylon  
  52  4:10  Nexus  
  52  4:12  Probe x2  
  52  4:17  Pylon, Void Ray (Chrono Boost)  
  54  4:24  Probe  
  55  4:29  Probe  
  60  4:34  Assimilator  
  60  4:36  Assimilator, Probe  
  61  4:41  Probe  
  61  4:43  Pylon  
  62  4:47  Adept x2  
  66  4:57  Probe x2  
  66  4:59  Shield Battery  
  68  5:01  Void Ray (Chrono Boost)  
  68  5:04  Stargate  
  68  5:09  Probe x2  
  74  5:21  Probe x2  
  75  5:28  Probe  
  77  5:33  Probe  
  77  5:34  Void Ray (Chrono Boost)  
  77  5:35  Probe  
  79  5:40  Probe  
  79  5:42  Assimilator x2  
  84  5:45  Probe  
  84  5:47  Probe  
  84  5:50  Pylon  
  84  5:52  Probe, Sentry x2  
  84  5:55  Gateway  
  83  5:57  Pylon, Probe  
  83  5:58  Gateway  
  83  5:59  Probe  
  83  6:04  Shield Battery  
  83  6:05  Void Ray (Chrono Boost)  
  83  6:10  Twilight Council  
  83  6:11  Forge  
  87  6:21  Void Ray (Chrono Boost)  
  87  6:24  Shield Battery  
  87  6:25  Shield Battery  
  91  6:30  Pylon  
  91  6:35  Void Ray (Chrono Boost)  
  91  6:38  Shield Battery  
  91  6:40  Zealot, Shield Battery  
  91  6:41  Zealot  
  91  6:46  Pylon  
  99  6:49  Void Ray (Chrono Boost)  
  99  6:57  Zealot x2  
  107  7:03  Probe x2  
  107  7:05  Shield Battery  
  107  7:06  Zealot x2  
  107  7:07  Probe  
  114  7:15  Probe  
  114  7:16  Probe  
  114  7:19  Probe  
  114  7:21  Photon Cannon  
  113  7:24  Photon Cannon  
  113  7:28  Probe x2  
  115  7:30  Photon Cannon  
  115  7:31  Probe  
  115  7:32  Pylon  
  116  7:44  Pylon, Void Ray (Chrono Boost)  
  116  7:45  Pylon  
  116  7:49  Zealot x2  
  116  7:50  Zealot  
  122  7:53  Zealot  
  114  8:03  Void Ray (Chrono Boost)  
  110  8:07  Photon Cannon  
  110  8:09  Zealot  
  110  8:10  Zealot x2  
  118  8:18  Void Ray (Chrono Boost)  
  118  8:20  Cybernetics Core  
  118  8:21  Zealot  
  118  8:22  Gateway  
  118  8:24  Gateway  
  118  8:26  Photon Cannon  
  124  8:28  Pylon  
  124  8:32  Photon Cannon  
  124  8:40  Templar Archives  
  124  8:45  Zealot x3  
  130  8:51  Void Ray x2 (Chrono Boost)  
  136  9:06  Zealot x2  
  136  9:07  Zealot  
  112  9:17  Zealot  
  112  9:22  Pylon, Zealot  
  112  9:24  Pylon, Void Ray x2 (Chrono Boost)  
  104  9:28  High Templar x2  
  104  9:29  Zealot  
  118  9:32  Archon  
  118  9:35  Gateway  
  118  9:38  Zealot  
  120  9:44  Zealot  
  118  9:51  Zealot  
  103  9:56  Void Ray x2 (Chrono Boost)  
  95  10:00  High Templar  
  95  10:01  High Templar  
  95  10:05  Archon, Zealot x2  
  107  10:11  Zealot  
  96  10:25  Zealot  
  96  10:26  Zealot  
  100  10:29  Void Ray x2 (Chrono Boost)  
  100  10:30  Zealot  
  100  10:33  Zealot x3  
  116  10:48  Zealot x2  
  86  10:58  Zealot x4  
Show
View Real Time Build Order
Export as new Build Order

TLO Zerg - Winner!

Build Orders: Hatch First 

Get SALT Encoding   

  12  0:00  Drone  
  13  0:12  Overlord  
  13  0:17  Drone  
  14  0:31  Drone x2  
  16  0:46  Drone  
  17  0:52  Hatchery  
  17  0:56  Drone  
  17  1:00  Drone  
  17  1:02  Extractor  
  17  1:14  Spawning Pool  
  17  1:17  Drone  
  17  1:20  Drone  
  18  1:28  Drone  
  19  1:38  Drone  
  20  1:51  Overlord  
  20  2:01  Metabolic Boost  
  20  2:02  Queen  
  20  2:04  Queen  
  20  2:07  Zergling x2  
  25  2:11  Drone  
  25  2:13  Zergling x2  
  27  2:18  Drone  
  28  2:23  Drone  
  28  2:27  Drone  
  30  2:33  Drone  
  31  2:42  Hatchery  
  30  2:46  Queen  
  32  2:51  Overlord  
  32  2:55  Drone  
  32  2:56  Drone  
  34  2:59  Zergling x2  
  34  3:04  Overlord  
  35  3:06  Drone  
  35  3:11  Drone  
  35  3:12  Drone x2  
  39  3:14  Drone  
  39  3:17  Zergling x2  
  39  3:19  Drone  
  42  3:26  Queen  
  44  3:27  Drone  
  44  3:31  Spore Crawler  
  44  3:34  Zergling x2  
  44  3:39  Drone  
  44  3:41  Drone  
  47  3:42  Drone, Overlord  
  48  3:48  Drone  
  48  3:52  Drone  
  48  3:54  Spore Crawler  
  48  3:55  Drone  
  50  3:56  Lair  
  50  3:58  Drone  
  50  3:59  Drone  
  51  4:03  Drone  
  51  4:06  Queen  
  51  4:08  Drone  
  55  4:11  Drone  
  55  4:12  Drone  
  55  4:15  Spore Crawler  
  55  4:16  Drone  
  57  4:18  Extractor  
  57  4:19  Drone  
  57  4:21  Drone  
  57  4:24  Drone  
  59  4:28  Roach Warren  
  59  4:29  Drone  
  59  4:31  Overlord  
  59  4:35  Queen  
  59  4:38  Drone  
  61  4:39  Drone  
  61  4:41  Extractor  
  61  4:42  Drone  
  61  4:43  Drone  
  63  4:48  Drone x2  
  63  4:50  Drone x3  
  63  4:51  Extractor  
  68  4:52  Drone  
  68  4:54  Zergling x2  
  69  5:00  Drone  
  69  5:01  Queen  
  69  5:02  Zergling x2  
  69  5:04  Spore Crawler, Zergling x2  
  69  5:05  Overlord  
  73  5:08  Overlord  
  73  5:10  Overlord  
  73  5:13  Glial Reconstitution  
  73  5:17  Overlord  
  73  5:24  Roach x2, Overlord  
  73  5:25  Roach x2  
  81  5:36  Roach  
  81  5:37  Roach x4  
  81  5:39  Spawning Pool  
  90  5:46  Hydralisk Den  
  90  5:47  Drone  
  86  5:50  Drone x2  
  86  5:51  Drone, Roach  
  86  5:52  Drone x3  
  86  5:53  Drone  
  86  5:54  Drone  
  94  6:09  Extractor  
  94  6:11  Overlord  
  93  6:15  Hydralisk  
  93  6:16  Muscular Augments, Hydralisk  
  97  6:22  Hydralisk  
  99  6:26  Hydralisk  
  99  6:31  Hydralisk  
  103  6:33  Hydralisk  
  103  6:34  Zergling x18  
  103  6:35  Queen x3  
  103  6:38  Hydralisk  
  120  6:40  Hydralisk  
  120  6:43  Extractor  
  121  6:48  Zergling x2  
  121  6:51  Overlord  
  120  6:58  Overlord  
  120  7:02  Overlord x3, Hydralisk  
  120  7:04  Overlord  
  120  7:05  Overlord  
  122  7:11  Hydralisk x2  
  126  7:17  Hydralisk  
  126  7:18  Hydralisk  
  126  7:21  Hydralisk  
  131  7:25  Hydralisk  
  131  7:26  Queen x3  
  131  7:27  Grooved Spines  
  137  7:31  Hydralisk  
  137  7:34  Hydralisk  
  138  7:41  Hydralisk  
  140  7:46  Hydralisk  
  140  7:48  Hydralisk x3  
  147  7:54  Hydralisk  
  147  7:56  Hydralisk  
  149  8:02  Pneumatized Carapace, Queen, Zergling x2  
  145  8:14  Hydralisk x3  
  145  8:20  Hydralisk  
  145  8:22  Ravager x4  
  151  8:27  Overseer x2  
  151  8:30  Hydralisk  
  151  8:31  Zergling x2  
  151  8:33  Hydralisk  
  154  8:36  Hydralisk  
  158  8:46  Hydralisk x3  
  155  8:50  Hydralisk  
  155  8:54  Hydralisk  
  155  8:55  Zergling x2  
  150  9:01  Hydralisk x2  
  151  9:07  Hydralisk  
  134  9:10  Hydralisk  
  134  9:11  Hydralisk  
  134  9:12  Hydralisk  
  134  9:14  Zergling x4  
  134  9:15  Hydralisk  
  134  9:16  Zergling x2  
  134  9:17  Queen x2, Zergling x10  
  141  9:23  Zergling x2  
  142  9:25  Hydralisk  
  142  9:26  Hydralisk  
  142  9:31  Hydralisk  
  144  9:37  Zergling x2  
  144  9:38  Hydralisk  
  146  9:42  Zergling x2  
  144  9:46  Hydralisk  
  144  9:48  Hydralisk  
  144  9:52  Overseer x2  
  142  9:53  Zergling x2  
  142  9:57  Zergling x2, Hydralisk  
  145  10:04  Zergling x2  
  145  10:08  Hydralisk  
  145  10:11  Evolution Chamber x2  
  145  10:12  Zergling x2  
  144  10:18  Hydralisk  
  144  10:19  Hydralisk x2  
  148  10:25  Drone  
  149  10:29  Zergling x2, Hydralisk  
  152  10:36  Hydralisk  
  152  10:40  Zergling x2  
  152  10:42  Zergling x2  
  142  10:51  Hydralisk  
Tags
 
Add a new tag
Caveats
  • Supply blocks, unpowered buildings, or Contaminate may cause inaccurate times.
  • Supply counts are checked every 10 seconds.